cohdb
Replays
Latest Replays
All Replays
Popular Replays
Top Player Replays
Match Explorer
How It Works
Community
CoH3 Stats
Reddit
Sign in to upload your games and track your stats! →
Sign in with Steam
Match 42883718
Unlisted
Match 42883718
Overview
Messages
Build Orders
End
Selects Special Operations Battlegroup
Selects Special Operations Battlegroup
Selects M29 Weasel Recon Vehicle
M29 Weasel Recon Vehicle
Engineer Squad
Construct Medical Station
Construct Weapon Support Center
Bazooka Squad
.30 cal Machine Gun
Selects Smoke Screen
M1919 Machine Gun Team
M29 Weasel Recon Vehicle
Engineer Squad
Infantry Support Center
Smoke Screen
Selects SSF Commando Squad
SSF Commando Squad
SSF Commando Squad
Smoke Screen
SSF Commando Squad
SSF Commando Squad
Smoke Screen
Construct Tank Depot
Improved M9 Bazooka Rockets
Selects Assault Operation
.30 cal Machine Gun
Smoke Screen
Selects P-47 Anti-Infantry Loiter
Mortar Pit
Assault Operation
M4(105) Sherman Bulldozer
M18 Hellcat Tank Destroyer
Smoke Screen
IMPLACÁVEL
Fajolada
0
0
Comments
sign in to comment!
No comments posted yet!